 Dungeon Crawl Stone Soup version 0.28.0-53-g5a82cb258f (webtiles) character file.

Game seed: 3875037799151668358

116 LynnLen the Sneak (level 4, -8/30 HPs)
             Began as a Vampire Enchanter on July 31, 2022.
             Killed from afar by an orc wizard (10 damage)
             ... with a puff of flame
             ... on level 3 of the Dungeon.
             The game lasted 00:07:46 (2468 turns).

LynnLen the Sneak (Vampire Enchanter)               Turns: 2468, Time: 00:07:47

Health: -8/30      AC:  3    Str:  7    XL:     4   Next: 69%
Magic:  7/7        EV: 13    Int: 17    God:
Gold:   81         SH:  0    Dex: 16    Spells: 2/7 levels left

rFire   . . .      SeeInvis +   d - +4 quick blade
rCold   . . .      Faith    .   h - orb {*channel}
rNeg    . . .      Spirit   .   b - +0 robe
rPois   .          Reflect  .   (no helmet)
rElec   .          Harm     .   (no cloak)
rCorr   .          Rampage  .   (no gloves)
Will    .....                   i - +0 pair of boots
Stlth   +.........              (no amulet)
HPRegen 0.30/turn               (no ring)
MPRegen 0.10/turn               (no ring)

@: confused, healing quickly, invisible
A: alive, fangs 3, see invisible, vampiric 2
a: Exsanguinate


You were on level 3 of the Dungeon.
You visited 1 branch of the dungeon, and saw 3 of its levels.

You collected 81 gold pieces.

Inventory:

Hand Weapons
 d - a +4 quick blade (weapon)
 r - a +0 hunting sling
Missiles
 e - 67 sling bullets
 j - 46 stones (quivered)
 l - 5 poisoned darts
Armour
 b - a +0 robe (worn)
 h - an orb of energy (worn)
 i - a +0 pair of boots (worn)
 q - a +0 helmet
Jewellery
 s - a +4 ring of evasion
Scrolls
 m - a scroll of fog
 o - a scroll of identify {unknown}
Potions
 a - a potion of ambrosia {unknown}
 c - a potion of invisibility
 f - a potion of flight {unknown}
 g - 2 potions of curing {unknown}
 k - 3 potions of heal wounds {unknown}
 n - 2 potions of degeneration {unknown}
 p - a potion of brilliance {unknown}


   Skills:
 * Level 2.8 Short Blades
 * Level 2.8 Dodging
 * Level 6.0 Stealth
 * Level 2.4 Spellcasting
 + Level 4.8 Hexes


You had 2 spell levels left.
You knew the following spells:

 Your Spells              Type           Power      Damage    Failure   Level
a - Confusing Touch       Hex            18%        N/A       8%          3
b - Ensorcelled Hibernat  Hex/Ice        20%        N/A       11%         2

Your spell library contained the following spells:

 Spells                   Type           Power      Damage    Failure   Level
 Tukima's Dance           Hex            18%        N/A       8%          3
 Dazzling Flash           Conj/Hex       20%        N/A       21%         3
 Summon Lightning Spire   Summ/Air       2%         N/A       88%         4
 Yara's Violent Unravell  Hex/Tmut       5%         3d4       88%         5
 Enfeeble                 Hex            9%         N/A       100%        7
 Storm Form               Tmut/Air       1%         N/A       100%        7
 Maxwell's Capacitive Co  Air            1%         ∞         100%        8


Dungeon Overview and Level Annotations

Branches:
Dungeon (3/15)

Altars:


Innate Abilities, Weirdness & Mutations

Your natural rate of healing is accelerated.
You have razor-sharp teeth.
You have supernaturally acute eyesight. (SInv)
You are afflicted with vampirism and can become a bat while bloodless.


Message History

The orc wizard is severely wounded.
You hit the orc wizard.
The orc wizard is severely wounded.
The orc wizard casts a spell at you. The magic dart hits you!
You closely miss the orc wizard.
The orc wizard is severely wounded.
The orc wizard points at you and mumbles some strange words.
The puff of flame hits you.
You puncture the orc wizard!
You kill the orc wizard!
The orc wizard gestures at you while chanting.
The puff of flame hits you.
* * * LOW HITPOINT WARNING * * *
Your Stealth skill increases to level 6!
You fade into invisibility!
You catch the helpless orc completely off-guard!
You puncture the orc!
You kill the orc!
The orc wizard barely misses you.
Items here: ))) [[ ††.
You hit the orc wizard.
The orc wizard is lightly wounded.
The orc wizard points at you and mumbles some strange words.
The magic dart hits you!
* * * LOW HITPOINT WARNING * * *
You hit the orc wizard. You bite the orc wizard.
The orc wizard is severely wounded.
You barely miss the orc wizard.
The orc wizard is severely wounded.
The orc wizard gestures at you while chanting.
You are confused.
The orc wizard hits you with a +0 dagger.
* * * LOW HITPOINT WARNING * * *
The orc wizard casts a spell at something.
You hit the orc wizard.
The orc wizard is severely wounded.
The orc wizard casts a spell at you. The puff of flame hits you!
You die...

#.....# ..
###.######
##.....#
#. #.....#
......# ..
#.....#
#.....# #.
#.....#
#.....#
#..##.####
#.....#
#.##.#
#.....#
#..#)####
#.....#
#.......#
#####.###
#...@...#
..†...#
#...o...#
#######
#.......#
#.......#
#.......#
#...>...#
####.####
#.# #.


You could see an orc wizard (invisible).

Vanquished Creatures
  A jelly (D:3)
  An orc wizard (D:3)
  An adder (D:2)
  2 orcs (D:3)
  6 ball pythons
  6 bats
  4 endoplasms
  2 giant cockroaches (D:3)
  5 goblins
  5 hobgoblins
  A quokka (D:3)
  2 frilled lizards
  5 kobolds
  7 rats
48 creatures vanquished.

Notes
Turn   | Place    | Note
-------+----------+-------------------------------------------
     0 | D:1      | LynnLen the Vampire Enchanter began the quest for the Orb.
     0 | D:1      | Reached XP level 1. HP: 13/13 MP: 3/3
   243 | D:1      | Reached XP level 2. HP: 19/19 MP: 5/5
   437 | D:1      | Reached skill level 5 in Stealth
   615 | D:1      | Found a faded altar of an unknown god.
   996 | D:1      | Identified a scroll of acquirement
   996 | D:1      | Acquired a +4 quick blade
  1235 | D:2      | Gained mutation: You are afflicted with vampirism and can
                  | become a bat while bloodless. [Vampire growth]
  1235 | D:2      | Reached XP level 3. HP: 24/24 MP: 6/6
  1239 | D:2      | Learned a level 3 spell: Confusing Touch
  1242 | D:2      | Learned a level 2 spell: Ensorcelled Hibernation
  2324 | D:3      | Reached XP level 4. HP: 13/30 MP: 1/7
  2458 | D:3      | Reached skill level 6 in Stealth
  2468 | D:3      | Killed from afar by an orc wizard

Illustrated notes

Levels and vault maps discovered:
D:1:      wheals_arrival_linesprint, layout_loops_cross,
          chequers_ecumenical_altar_twisty
D:2:      kennysheep_big_flooded_room, layout_basic
D:3:      layout_basic, portal_sewer_entry_b, lightli_corner_chamber

Skill      XL: |  1  2  3  4 |
---------------+-------------+-----
Stealth        | 5 6 |  6.0
Short Blades   | 2 |  2.8
Dodging        | |  2.8
Spellcasting   | |  2.4
Hexes          | |  4.8

Action                   |  1- 3 |  4- 6 || total
-------------------------+-------+-------++-------
Melee: Dagger            |    63 |       ||    63
       Bite              |     9 |     1 ||    10
       Quick blade       |    53 |    23 ||    76
 Cast: Confusing Touch   |     2 |       ||     2
  Use: Scroll            |     4 |       ||     4
       Potion            |       |     1 ||     1
 Stab: Sleeping          |    13 |     1 ||    14
       Invisible         |       |     1 ||     1
Armor: Robe              |    16 |       ||    16
Dodge: Dodged            |    55 |     7 ||    62
